 Dungeon Crawl Stone Soup version 0.21.0-25-ge575cb9 (webtiles) character file.

193 RollingDesktops the Slasher (level 5, -9/47 HPs)
             Began as a Gnoll Chaos Knight on Jan 22, 2018.
             Was a Follower of Uskayaw.
             Mangled by a chaos spawn (10 damage)
             ... on level 2 of the Abyss.
             The game lasted 00:11:29 (2307 turns).

RollingDesktops the Slasher (Gnoll Chaos Knight)    Turns: 2307, Time: 00:11:30

Health: -9/47      AC:  5    Str: 15    XL:     5   Next: 72%
Magic:  3/7        EV: 13    Int: 14    God:    Uskayaw [*.....]
Gold:   87         SH:  4    Dex: 15    Spells: 7/7 levels left

rFire    + + .     SeeInvis .   a - +0 falchion (chaos)
rCold    + . .     Gourm    +   (no shield)
rNeg     . . .     Faith    .   b - +2 leather armour
rPois    +         Spirit   .   (helmet restricted)
rElec    .         Reflect  .   g - scarf {rC+ rF+}
rCorr    .         Harm     .   (no gloves)
MR       .....                  (no boots)
Stlth    ++........             f - amulet of the gourmand
HPRegen  0.15/turn              h - ring of poison resistance
MPRegen  0.10/turn              o - ring of protection from fire

@: drained
A: distributed training, fangs 1, horns 1, large bone plates 1, strong nose
a: Stomp, Renounce Religion


You were on level 2 of the Abyss.
You worshipped Uskayaw.
Uskayaw was noncommittal.
You were not hungry.

You visited 1 branch of the dungeon, and saw 3 of its levels.
You visited the Abyss 1 time.

You collected 87 gold pieces.

Inventory:

Hand Weapons
 a - a +0 falchion of chaos (weapon)
Missiles
 l - 25 poisoned needles (quivered)
Armour
 b - a +2 leather armour (worn)
 g - a scarf of resistance (worn)
Jewellery
 f - an amulet of the gourmand (around neck)
 h - a ring of poison resistance (left hand)
 n - an uncursed ring of magical power
 o - a ring of protection from fire (right hand)
Scrolls
 i - a scroll of teleportation {unknown}
 m - 2 scrolls of fear {unknown}
 r - a scroll of remove curse {unknown}
 s - a scroll of identify {unknown}
 u - a scroll of fog {unknown}
Potions
 d - 2 potions of agility
 k - a potion of ambrosia {unknown}
 p - a potion of curing {unknown}
 q - a potion of brilliance {unknown}
Books
 t - a book of Misfortune

   Spells                             Type                      Level
   a - Confusing Touch                Hexes                        1
   b - Confuse                        Hexes                        3
   c - Gell's Gravitas                Translocation                3
   d - Petrify                        Transmutation/Earth          4
   e - Metabolic Englaciation         Hexes/Ice                    5
   f - Yara's Violent Unravelling     Hexes/Transmutation          5
Comestibles
 c - 4 rations


   Skills:
 + Level 6.7(6.4) Fighting
 + Level 1.6(1.3) Short Blades
 + Level 6.7(6.4) Long Blades
 + Level 1.6(1.3) Axes
 + Level 1.6(1.3) Maces & Flails
 + Level 1.6(1.3) Polearms
 + Level 1.6(1.3) Staves
 + Level 1.6(1.3) Slings
 + Level 1.6(1.3) Bows
 + Level 1.6(1.3) Crossbows
 + Level 1.6(1.3) Throwing
 + Level 4.8(4.5) Armour
 + Level 3.0(2.7) Dodging
 + Level 1.6(1.3) Stealth
 + Level 1.6(1.3) Shields
 + Level 1.6(1.3) Unarmed Combat
 + Level 1.6(1.3) Spellcasting
 + Level 1.2(1.0) Conjurations
 + Level 1.2(1.0) Hexes
 + Level 1.2(1.0) Charms
 + Level 1.2(1.0) Summonings
 + Level 1.2(1.0) Necromancy
 + Level 1.2(1.0) Translocations
 + Level 1.2(1.0) Transmutations
 + Level 1.2(1.0) Fire Magic
 + Level 1.2(1.0) Ice Magic
 + Level 1.2(1.0) Air Magic
 + Level 1.2(1.0) Earth Magic
 + Level 1.2(1.0) Poison Magic
 + Level 1.8(1.5) Invocations
 + Level 1.6(1.3) Evocations


You had 7 spell levels left.
You didn't know any spells.

Dungeon Overview and Level Annotations

Branches:
Dungeon (3/15)

Altars:
Fedhas
Makhleb
Qazlal
Uskayaw
The Shining One


Innate Abilities, Weirdness & Mutations

Your experience applies equally to all skills.
You have very sharp teeth.
Your uncanny sense of smell can sniff out nearby items.
You have a pair of small horns on your head.
You are partially covered in large bone plates. (SH +4)


Message History

You feel your power leaking away. The chaos spawn gores you.
* * * LOW HITPOINT WARNING * * *
You feel drained.
The chaos spawn grows dozens of eye stalks in order to get a better look at you.
An orange demon comes into view.
The orange demon screeches!
You closely miss the chaos spawn. Your bite misses the chaos spawn.
You hit the chaos spawn but do no damage.
The chaos spawn scowls horribly.
The chaos spawn gores you!
* * * LOW HITPOINT WARNING * * *
You are engulfed in flames.
You resist.
* * * LOW HITPOINT WARNING * * *
You hit the chaos spawn. You burn the chaos spawn.
The chaos spawn is lightly wounded.
The chaos spawn misses you. You block the orange demon's attack.
You closely miss the chaos spawn.
The chaos spawn is lightly wounded.
The chaos spawn gores you!
You die...

.. # .. # #. ##. .#
.######.. ..#
.#.#.#.# ....## ##
....4.# ....#.
#.######.##.#
.....####...X44@..#
##..#.##.#######.#
#..... ........# #
#.... ...... #..#
..#.......#..#....
# ........ ...#..
#.###.##.##. . # .
...##.# ...# #
##...#### .#. #


You could see an orange demon, a large abomination and 2 chaos spawn.

Vanquished Creatures
  The ghost of RollingDesktops the Slasher, an amateur GnCK of Xom (D:3)
  An iguana (D:2)
  3 adders (D:2)
  An ooze (D:1)
  4 dart slugs
  2 leopard geckos (D:2)
  3 goblins
  6 hobgoblins
  2 jackals (D:1)
  6 kobolds
  4 ball pythons
  3 bats
  4 frilled lizards
  4 rats
44 creatures vanquished.

Notes
Turn   | Place    | Note
-------+----------+-------------------------------------------
     0 | D:1      | RollingDesktops the Gnoll Chaos Knight began the quest for the Orb.
     0 | D:1      | Reached XP level 1. HP: 23/23 MP: 1/1
    75 | D:1      | Reached XP level 2. HP: 24/29 MP: 2/2
   360 | D:1      | Reached XP level 3. HP: 9/35 MP: 3/3
   641 | D:1      | XOM: harmless Air miscast
   782 | D:1      | XOM: harmless Tmut miscast
  1141 | D:2      | Reached skill level 1 in Invocations
  1214 | D:2      | XOM: harmless Conj miscast
  1221 | D:2      | Found a burning altar of Makhleb.
  1261 | D:2      | Found a faded altar of an unknown god.
  1354 | D:2      | Reached skill level 1 in Short Blades
  1354 | D:2      | Reached skill level 1 in Axes
  1354 | D:2      | Reached skill level 1 in Maces & Flails
  1354 | D:2      | Reached skill level 1 in Polearms
  1354 | D:2      | Reached skill level 1 in Staves
  1354 | D:2      | Reached skill level 1 in Slings
  1354 | D:2      | Reached skill level 1 in Bows
  1354 | D:2      | Reached skill level 1 in Crossbows
  1354 | D:2      | Reached skill level 1 in Throwing
  1354 | D:2      | Reached skill level 1 in Stealth
  1354 | D:2      | Reached skill level 1 in Shields
  1354 | D:2      | Reached skill level 1 in Unarmed Combat
  1354 | D:2      | Reached skill level 1 in Spellcasting
  1354 | D:2      | Reached skill level 1 in Evocations
  1354 | D:2      | Reached XP level 4. HP: 33/41 MP: 5/5
  1383 | D:2      | XOM: noise
  1384 | D:2      | XOM: confusion (+ monsters)
  1407 | D:2      | Fell from the grace of Xom
  1407 | D:2      | Became a worshipper of the Shining One
  1407 | D:2      | Reached * piety under the Shining One
  1445 | D:2      | Was placed under penance by the Shining One
  1488 | D:2      | Found a hide-covered altar of Uskayaw.
  1498 | D:2      | Fell from the grace of the Shining One
  1498 | D:2      | Became a worshipper of Uskayaw the Reveler
  1717 | D:2      | Reached * piety under Uskayaw
  1721 | D:2      | Found a blossoming altar of Fedhas.
  1728 | D:2      | Reached ** piety under Uskayaw
  1730 | D:2      | Reached skill level 1 in Conjurations
  1730 | D:2      | Reached skill level 1 in Hexes
  1730 | D:2      | Reached skill level 1 in Charms
  1730 | D:2      | Reached skill level 1 in Summonings
  1730 | D:2      | Reached skill level 1 in Necromancy
  1730 | D:2      | Reached skill level 1 in Translocations
  1730 | D:2      | Reached skill level 1 in Transmutations
  1730 | D:2      | Reached skill level 1 in Fire Magic
  1730 | D:2      | Reached skill level 1 in Ice Magic
  1730 | D:2      | Reached skill level 1 in Air Magic
  1730 | D:2      | Reached skill level 1 in Earth Magic
  1730 | D:2      | Reached skill level 1 in Poison Magic
  1841 | D:2      | XOM: mild Conj miscast
  2107 | D:3      | Found a stormy altar of Qazlal.
  2119 | D:3      | Noticed RollingDesktops's ghost (amateur GnCK)
  2157 | D:3      | Gained mutation: You are partially covered in large bone plates. (SH +4) [potion of mutation]
  2157 | D:3      | Gained mutation: You have a pair of small horns on your head. [potion of mutation]
  2160 | D:3      | Killed RollingDesktops's ghost
  2160 | D:3      | Reached XP level 5. HP: 12/47 MP: 5/7
  2223 | D:3      | XOM: medium Ice miscast
  2239 | D:3      | XOM: severe Summ miscast
  2240 | D:3      | Cast into level 2 of the Abyss (the severe capriciousness of Xom)
  2287 | Abyss:2  | Noticed a large abomination
  2289 | Abyss:2  | Noticed a chaos spawn
  2292 | Abyss:2  | Noticed a chaos spawn
  2302 | Abyss:2  | Noticed an orange demon
  2305 | Abyss:2  | HP: 1/47 [chaos spawn (3)]
  2307 | Abyss:2  | Mangled by a chaos spawn

Skill      XL: |  1  2  3  4 |
---------------+-------------+-----
Invocations    | 1 |  1.8
Short Blades   | 1 |  1.6
Axes           | 1 |  1.6
Maces & Flails | 1 |  1.6
Polearms       | 1 |  1.6
Staves         | 1 |  1.6
Slings         | 1 |  1.6
Bows           | 1 |  1.6
Crossbows      | 1 |  1.6
Throwing       | 1 |  1.6
Stealth        | 1 |  1.6
Shields        | 1 |  1.6
Unarmed Combat | 1 |  1.6
Spellcasting   | 1 |  1.6
Evocations     | 1 |  1.6
Conjurations   | 1 |  1.2
Hexes          | 1 |  1.2
Charms         | 1 |  1.2
Summonings     | 1 |  1.2
Necromancy     | 1 |  1.2
Translocations | 1 |  1.2
Transmutations | 1 |  1.2
Fire Magic     | 1 |  1.2
Ice Magic      | 1 |  1.2
Air Magic      | 1 |  1.2
Earth Magic    | 1 |  1.2
Poison Magic   | 1 |  1.2
Dodging        | 3 |  3.0
Fighting       | |  6.7
Long Blades    | |  6.7
Armour         | |  4.8

Action                   |  1- 3 |  4- 6 || total
-------------------------+-------+-------++-------
Melee: Falchion          |    74 |    34 ||   108
       Bite              |     4 |     2 ||     6
       Headbutt          |       |     2 ||     2
  Use: Potion            |       |     3 ||     3
 Stab: Paralysed         |       |     1 ||     1
  Eat: Chunk             |     4 |       ||     4
Armor: Leather armour    |    29 |     6 ||    35
Dodge: Dodged            |    73 |    26 ||    99
Block: Other             |       |     2 ||     2
       Rpst.: Falchion   |    20 |     5 ||    25
